 Dungeon Crawl Stone Soup version 0.22-a0-612-gd2f0174 (webtiles) character file.

4647 sking99 the Archer (level 10, 94/94 HPs)
             Began as a Centaur Hunter on July 11, 2018.
             Was a Priest of Trog.
             Quit the game on level 8 of the Dungeon on July 12, 2018.
             The game lasted 00:20:17 (7640 turns).

sking99 the Archer (Centaur Hunter)                 Turns: 7640, Time: 00:20:19

Health: 94/94      AC: 10    Str: 17    XL:     10   Next: 20%
Magic:  10/10      EV:  3    Int: 10    God:    Trog [***...]
Gold:   412        SH:  0    Dex: 11    Spells: 9/9 levels left

rFire    + . .     SeeInvis .   a - +2 shortbow (freeze)
rCold    . . .     Gourm    .   (shield currently unavailable)
rNeg     . . .     Faith    .   y - +0 plate armour
rPois    .         Spirit   .   (no helmet)
rElec    .         Reflect  .   d - +0 cloak
rCorr    .         Harm     .   q - +0 pair of gloves
MR       .....                  (no barding)
Stlth    ..........             m - amulet of magic regeneration
HPRegen  0.25/turn              o - ring of protection from fire
MPRegen  0.37/turn              (no ring)

@: very quick
A: large, hooves 3, deformed body, speed 2, tough skin 3
a: Berserk, Trog's Hand, Renounce Religion


You were on level 8 of the Dungeon.
You worshipped Trog.
Trog was most pleased with you.
You were hungry.

You visited 1 branch of the dungeon, and saw 8 of its levels.

You collected 412 gold pieces.

Inventory:

Hand Weapons
 a - a +2 shortbow of freezing (weapon)
 b - a +0 short sword
Missiles
 r - 104 arrows (quivered)
Armour
 d - a +0 cloak (worn)
 q - a +0 pair of gloves (worn)
 y - a +0 plate armour (worn)
Jewellery
 m - an amulet of magic regeneration (around neck)
 o - a ring of protection from fire (left hand)
 A - an uncursed ring of positive energy {unknown}
Wands
 c - a wand of digging (20)
 k - a wand of flame (37)
 B - a wand of enslavement (20)
 C - a wand of iceblast (10)
Scrolls
 g - 2 scrolls of blinking
 h - 3 scrolls of fog
 i - 2 scrolls of identify
 n - 5 scrolls of remove curse
 x - 2 scrolls of teleportation
Potions
 j - a potion of might {unknown}
 l - 2 potions of invisibility
 p - 2 potions of berserk rage
 s - 3 potions of curing
 t - a potion of flight {unknown}
 u - 3 potions of haste {unknown}
 v - a potion of cancellation {unknown}
 w - 2 potions of brilliance {unknown}
Comestibles
 f - 9 rations


   Skills:
 + Level 10.8 Fighting
 - Level 14.0 Bows
 - Level 0.1 Armour
 - Level 1.4 Dodging
 - Level 0.5 Stealth


You had 9 spell levels left.
You didn't know any spells.
Your spell library was empty.

Dungeon Overview and Level Annotations

Branches:
Dungeon (8/15)             Temple (0/1) D:5            Lair (0/6) D:8

Altars:
Ashenzari
Cheibriados
Gozag
Ru
Trog

Shops:
D:7 (

Annotations:
D:8 3 runed doors


Innate Abilities, Weirdness & Mutations

You have hooves in place of feet.
Armour fits poorly on your strangely shaped body.
You cover ground very quickly.
You have extremely tough skin. (AC +3)


Message History

Press: ? - help, Shift-Dir - straight line, f/p - bullfrog
Aim: a bullfrog (heavily wounded, slow)
You shoot an arrow. The arrow hits the bullfrog!
The bullfrog seems to slow down.
The arrow freezes the bullfrog.
You kill the bullfrog!
Trog accepts your kill.
Firing (i - inventory)
r - 105 arrows (quivered)
Press: ? - help, Shift-Dir - straight line, f - worker ant
Aim: a worker ant (almost dead)
You shoot an arrow. The arrow hits the worker ant.
The arrow freezes the worker ant.
You kill the worker ant!
Trog accepts your kill.
Firing (i - inventory)
r - 104 arrows (quivered)
Press: ? - help, Shift-Dir - straight line, f - you Really target yourself? [Y]es or [N]o only, please.
Really target yourself?
Okay, then.
Are you sure you want to abandon this character and quit the game? (Confirm with "yes".)

###.#####.# #..(......#
#.#.####### #### #..(...>..#
...# ###(#####.# ##.# ###)###
#.# ##.# #.....# #.# .(.#
#.....# #.# ##.# #..@..# #.#
#.######### #.....# #.#
##.........###.....###.######.
#..........##<................
#..######..##.#.######.######
#..# #.###.#.# #...#
...######.###.#.# #.###
................# #..#
.....####.####### ##.#


There were no monsters in sight!

Vanquished Creatures
  2 two-headed ogres (D:8)
  A hornet (D:8)
  Grinder (D:4)
  Prince Ribbit (D:8)
  Sigmund (D:4)
  A water moccasin (D:7)
  An ice beast (D:5)
  A sky beast (D:5)
  2 orc warriors
  A phantom (D:6)
  2 ogres
  3 centaurs
  5 bullfrogs
  2 scorpions (D:8)
  A water moccasin skeleton (D:5)
  5 killer bees (D:7)
  A howler monkey (D:7)
  A crimson imp (D:6)
  2 bullfrog zombies (D:7)
  5 hounds
  3 jellies
  5 orc wizards
  3 orc priests
  A centaur skeleton (D:6)
  2 iguanas
  4 worker ants
  Robin (D:2)
  4 gnolls (D:5)
  6 adders
  3 shadow imps
  An ooze (D:3)
  3 adder skeletons
  A worm (D:5)
  4 leopard geckos
  15 orcs
  3 giant cockroaches
  13 goblins
  7 hobgoblins
  16 jackals
  2 quokkas
  3 ball pythons
  5 bats
  A frilled lizard (D:5)
  A jackal zombie (D:5)
  4 kobolds
  10 rats
160 creatures vanquished.

Notes
Turn   | Place    | Note
-------+----------+-------------------------------------------
     0 | D:1      | sking99 the Centaur Hunter began the quest for the Orb.
     0 | D:1      | Reached XP level 1. HP: 17/17 MP: 1/1
   672 | D:2      | Reached XP level 2. HP: 24/24 MP: 2/2
   723 | D:2      | Reached skill level 6 in Bows
   801 | D:2      | Noticed Robin
   831 | D:2      | Killed Robin
   831 | D:2      | Reached XP level 3. HP: 24/30 MP: 3/3
  1137 | D:2      | Found a bloodstained altar of Trog.
  1137 | D:2      | Found a sacrificial altar of Ru.
  1185 | D:2      | Became a worshipper of Trog the Wrathful
  1414 | D:2      | Reached XP level 4. HP: 37/37 MP: 4/4
  1661 | D:3      | Reached skill level 7 in Bows
  2039 | D:3      | Reached * piety under Trog
  2331 | D:4      | Noticed Grinder
  2360 | D:4      | Paralysed by Grinder for 6 turns
  2376 | D:4      | HP: 1/38 [Grinder/nerve-wracking pain (13)]
  2392 | D:4      | Killed Grinder
  2392 | D:4      | Reached skill level 8 in Bows
  2392 | D:4      | Reached XP level 5. HP: 12/46 MP: 5/5
  2392 | D:4      | Reached XP level 6. HP: 13/52 MP: 6/6
  2666 | D:4      | Noticed Sigmund
  2675 | D:4      | Killed Sigmund
  2675 | D:4      | Reached skill level 9 in Bows
  2722 | D:4      | Reached XP level 7. HP: 60/60 MP: 7/7
  3434 | D:5      | Entered Level 5 of the Dungeon
  3493 | D:5      | Reached skill level 10 in Bows
  3745 | D:5      | Reached skill level 5 in Fighting
  3909 | D:5      | Found a snail-covered altar of Cheibriados.
  3909 | D:5      | Found a shattered altar of Ashenzari.
  3913 | D:5      | Found an opulent altar of Gozag.
  4043 | D:5      | Reached skill level 11 in Bows
  4051 | D:5      | Reached XP level 8. HP: 58/69 MP: 8/8
  4085 | D:5      | Reached ** piety under Trog
  4837 | D:5      | Found a staircase to the Ecumenical Temple.
  5007 | D:6      | Reached skill level 12 in Bows
  5886 | D:7      | Reached skill level 13 in Bows
  6003 | D:7      | Reached XP level 9. HP: 71/79 MP: 9/9
  6070 | D:7      | Found Lomal's Antique Weapon Emporium.
  6837 | D:7      | You fall through a shaft!
  7068 | D:8      | Reached skill level 14 in Bows
  7119 | D:8      | Found a staircase to the Lair.
  7134 | D:8      | Noticed Prince Ribbit
  7139 | D:8      | Killed Prince Ribbit
  7165 | D:8      | Reached *** piety under Trog
  7290 | D:8      | Noticed a two-headed ogre
  7308 | D:8      | Killed a two-headed ogre
  7308 | D:8      | Reached skill level 10 in Fighting
  7308 | D:8      | Reached XP level 10. HP: 51/93 MP: 10/10
  7497 | D:8      | Found a runed gate.
  7498 | D:8      | Found a runed gate.
  7498 | D:8      | Found a runed gate.
  7610 | D:8      | Noticed a two-headed ogre
  7636 | D:8      | Killed a two-headed ogre
  7640 | D:8      | Quit the game

Vault maps used:
D:1:      minmay_arrival_nine_rooms, serial_park_tiny_2
D:2:      gammafunk_temple_overflow_pools, serial_bayou_pond_a, uniq_robin
D:4:      uniq_grinder, uniq_sigmund
D:5:      gammafunk_temple_overflow_forgotten,
          minmay_temple_entry_enclosed_plants, first_ration
D:7:      serial_shops, shop_fountains
D:8:      lair_entry_dummy, gammafunk_ghost_necromancy, uniq_prince_ribbit1

Skill      XL: |  1  2  3  4  5  6  7  8  9 |
---------------+----------------------------+-----
Bows           | 6 8 9 11 13 14 | 14.0
Fighting       | 3 4 5 7 10 | 10.8
Armour         | |  0.1
Dodging        | |  1.4
Stealth        | |  0.5

Action                   |  1- 3 |  4- 6 |  7- 9 | 10-12 || total
-------------------------+-------+-------+-------+-------++-------
Melee: Short sword       |    52 |    33 |     4 |       ||    89
       Kick              |    11 |     6 |       |       ||    17
 Fire: Shortbow          |    44 |    74 |   486 |    15 ||   619
  Use: Potion            |     3 |     1 |     2 |       ||     6
       Scroll            |       |    10 |     2 |       ||    12
  Eat: Chunk             |       |     3 |     8 |       ||    11
       Ration            |       |       |     1 |       ||     1
Armor: Leather armour    |    27 |    11 |     1 |       ||    39
       Skin              |     5 |       |    41 |       ||    46
       Scale mail        |       |       |    12 |       ||    12
       Plate armour      |       |       |    49 |       ||    49
Dodge: Dodged            |    34 |    17 |    14 |       ||    65

Table legend:
 A = Spawn XP
 B = Non-spawn XP
 C = Spawn XP percentage of total XP
 D = Spawn monster count
 E = Non-spawn monster count
 F = Spawn count percentage of total count
 G = Total turns spent on level
                    A         B        C        D         E        F      G
               +---------+---------+-------+---------+---------+-------+---------
         Total |       0 |    6639 |   0.0 |       0 |     160 |   0.0 |  7640
               +---------+---------+-------+---------+---------+-------+---------
           D:1 |       0 |       9 |   0.0 |       0 |       7 |   0.0 |   642
           D:2 |       0 |      96 |   0.0 |       0 |      34 |   0.0 |  1038
           D:3 |       0 |      71 |   0.0 |       0 |      22 |   0.0 |   720
           D:4 |       0 |     581 |   0.0 |       0 |       9 |   0.0 |  1034
           D:5 |       0 |     989 |   0.0 |       0 |      23 |   0.0 |  1477
           D:6 |       0 |     806 |   0.0 |       0 |      26 |   0.0 |   926
           D:7 |       0 |    1147 |   0.0 |       0 |      17 |   0.0 |  1210
           D:8 |       0 |    2940 |   0.0 |       0 |      22 |   0.0 |   593
               +---------+---------+-------+---------+---------+-------+---------
